 Dungeon Crawl Stone Soup version 0.20-a0-77-g476458c (webtiles) character file.

36 KristoblXynda the Charmwright (level 3, 0/29 HPs)
             Began as a Draconian Skald on Nov 19, 2016.
             Was an Initiate of Yredelemnul.
             Slain by Terence
             ... wielding a +0 mace
              (5 damage)
             ... on level 2 of the Dungeon.
             The game lasted 00:01:59 (1363 turns).

KristoblXynda the Charmwright (Draconian Skald)     Turns: 1363, Time: 00:02:00

Health: 0/29       AC:  5    Str: 14    XL:     3   Next: 19%
Magic:  6/6        EV: 12    Int: 13    God:    Yredelemnul [......]
Gold:   63         SH:  0    Dex: 10    Spells: 0 memorised, 6 levels left

rFire  . . .     SeeInvis .     a - +0 hand axe
rCold  . . .     Gourm    .     (armour unavailable)
rNeg   . . .     Faith    .     (no shield)
rPois  .         Spirit   .     (helmet restricted)
rElec  .         Reflect  .     (no cloak)
rCorr  .         Harm     .     (no gloves)
MR     .....                    (no boots)
Stlth  +.........               (no amulet)
                                (no ring)
                                (no ring)

@: no status effects
A: unfitting armour, cold-blooded, AC +5
a: Renounce Religion


You were on level 2 of the Dungeon.
You worshipped Yredelemnul.
Yredelemnul was noncommittal.
You were not hungry.

You visited 1 branch of the dungeon, and saw 2 of its levels.

You collected 63 gold pieces.

Inventory:

Hand Weapons
 a - a +0 hand axe (weapon)
Scrolls
 d - a scroll of amnesia
Books
 b - a book of Battle

   Spells                             Type                      Level
   a - Infusion                       Charms                       1
   b - Shroud of Golubria             Charms/Translocation         2
   c - Song of Slaying                Charms                       2
   d - Spectral Weapon                Hexes/Charms                 3
   e - Regeneration                   Charms/Necromancy            3
Comestibles
 c - a bread ration
 g - a slice of pizza


   Skills:
 - Level 2.1 Fighting
 + Level 2.5 Axes
 + Level 2.1 Dodging
 - Level 2.0 Spellcasting
   Level 3.2 Charms


You had 6 spell levels left.
You didn't know any spells.

Dungeon Overview and Level Annotations

Branches:
Dungeon (2/15)

Altars:
Yredelemnul

Annotations:
D:2 Terence


Innate Abilities, Weirdness & Mutations

Your plain brown scales are hard. (AC +5)
You cannot fit into any form of body armour.
You are cold-blooded and may be slowed by cold attacks.


Message History

You barely miss Terence.
Terence is severely wounded.
Terence hits you but does no damage.
You hit Terence.
Terence is almost dead.
Terence hits you but does no damage.
You hit Terence.
Terence is almost dead.
Terence hits you with a mace.
Unknown command.
You barely miss Terence.
Terence is almost dead.
Terence hits you with a mace.
* * * LOW HITPOINT WARNING * * *
You hit Terence but do no damage.
You tail-slap Terence, but do no damage.
Terence is almost dead.
Terence hits you with a mace.
You die...
Your body rises from the dead as a mindless zombie.

##.## *#+#*** #..# *,,,,,,
#########.# *,,,,,,
#.........##*,,,,,,
**********#..........#*,,,,,,
*,,,,,,,,,#..........#**+****
*,,,,,,,,,#..........#**,*
*,,,,,,,,,#...........#*,*
*,,,,,,,,,#.@.......#.#*,*
*,,,,,,,,,##@#####+##.#*,****
*****,,,,......Kr...#*,,,..,,,,,,
,,,,,,,,,............#,**,*#,****
*********............#,**,,*,*
*............#,***,*,****
*.....######.#,* *,,,,,,, *.....*
**<#+****,,**** *.....*
*,,.,,,,*,,*


You could see Terence, a kobold and a rat.

Vanquished Creatures
  A worm (D:2)
  A ball python (D:2)
  5 bats (D:1)
  2 giant cockroaches
  4 goblins
  5 hobgoblins
  2 frilled lizards (D:1)
  6 kobolds (D:1)
  8 rats
34 creatures vanquished.

Notes
Turn   | Place    | Note
-------+----------+-------------------------------------------
     0 | D:1      | KristoblXynda the Draconian Skald began the quest for the Orb.
     0 | D:1      | Reached XP level 1. HP: 17/17 MP: 3/3
   268 | D:1      | Reached skill level 3 in Charms
   268 | D:1      | Reached XP level 2. HP: 17/24 MP: 5/5
  1093 | D:2      | Found a basalt altar of Yredelemnul.
  1120 | D:2      | Reached XP level 3. HP: 28/29 MP: 6/6
  1179 | D:2      | Became a worshipper of Yredelemnul the Dark
  1330 | D:2      | Noticed Terence
  1363 | D:2      | Slain by Terence

Vault maps used:
D:1:      kennysheep_arrival_seaside
D:2:      yredelemnul_altar_generic, uniq_terence, uniq_crazy_yiuf_cottage

Skill      XL: |  1  2 |
---------------+-------+-----
Charms         | 3 |  3.2
Dodging        | 2 |  2.1
Fighting       | |  2.1
Axes           | |  2.5
Spellcasting   | |  2.0

Action                   || total
-------------------------++-------
Melee: Hand axe          ||   133
       Tailslap          ||    12
Throw: Throwing net      ||     1
  Use: Scroll            ||     3
 Stab: Held in net/web   ||     1
  Eat: Beef jerky        ||     1
Armor: Skin              ||    32
Dodge: Dodged            ||    81
